 Dungeon Crawl Stone Soup version 0.32-a0-411-g744942f433 (console) character file.

Game seed: 10895759418680226376

3 zenocrate the Sneak (level 1, -5/22 HPs)
             Began as a Troll Delver on Feb 20, 2024.
             Splashed by a jelly's acid (9 damage)
             ... on level 4 of the Dungeon.
             The game lasted 00:00:22 (58 turns).

zenocrate the Sneak (Troll Delver)                    Turns: 58, Time: 00:00:23

Health: -5/22      AC:  4    Str: 19    XL:     1   Next: 41%
Magic:  0/0        EV:  9    Int:  6    God:
Gold:   13         SH:  0    Dex: 11    Spells: 0/0 levels left

rFire   . .          .
                       - Unarmed
rCold   . . .        (no shield)
rNeg    . . .        a - +0 robe
rPois   .            (helmet restricted)
rElec   .            (no cloak)
rCorr   .            (gloves unavailable)
SInv    .            (boots unavailable)
Will    .....        (no amulet)
Stlth   ++           (no ring)
HPRegen 1.03/turn    (no ring)
MPRegen 0.07/turn

%: no passive effects
@: hasted, very quick
A: large, unfitting armour, claws 3, regeneration 1, shaggy fur 1, tough skin 1
a: no special abilities


You were on level 4 of the Dungeon.
You visited 1 branch of the dungeon, and saw 2 of its levels.

You collected 13 gold pieces.

Inventory:

Missiles
 g - 4 curare-tipped darts (quivered)
Armour
 a - a +0 robe (worn)
Jewellery
 h - a ring of magical power
Wands
 f - a wand of digging (3)
Scrolls
 b - a scroll of fog
 c - a scroll of revelation
 d - a scroll of fear


   Skills:
 - Level 2.4 Fighting
 - Level 1.5 Dodging
 - Level 2.7 Stealth
 + Level 2.3 Unarmed Combat


You couldn't memorise any spells.
You didn't know any spells.
Your spell library was empty.

Dungeon Overview and Level Annotations

Branches:
Dungeon (5/15)
 Temple: D:4-7

Altars:


Innate Abilities, Weirdness & Mutations

You are too large for most types of armour.
You have claws for hands.
Your natural rate of healing is unusually fast.
You are covered in fur. (AC +1)
You have tough skin. (AC +1)


Message History

The ribbon worm expels a string of sticky webbing.
The stream of webbing hits you but does no damage.
You are caught in a web!
The web tears apart.
You scratch the ribbon worm.
The ribbon worm is lightly wounded.
The ribbon worm expels a string of sticky webbing.
The stream of webbing hits you but does no damage.
You are caught in a web!
The web tears apart.
You claw the ribbon worm!
The ribbon worm is moderately wounded.
The ribbon worm closely misses you.
You barely miss the ribbon worm.
The ribbon worm is moderately wounded.
The ribbon worm bites you but does no damage.
You claw the ribbon worm!
The ribbon worm is almost dead.
The ribbon worm completely misses you.
You claw the ribbon worm!
You kill the ribbon worm!
No target in view!
You now have 13 gold pieces.
A jelly comes into view.
The jelly quivers.
A jelly is nearby!
A jelly is nearby!
The jelly closely misses you.
You scratch the jelly.
Your claws burn!
The jelly is moderately wounded.
The jelly hits you.
You are splashed with acid!
Ouch! That really hurt!
* * * LOW HITPOINT WARNING * * *
Unknown command.
Okay, then.
Okay, then.
You feel yourself speed up. The jelly hits you.
* * * LOW HITPOINT WARNING * * *
You are splashed with acid!
You die...

..#..#..#
##...###.#######
#.....#........#
...#......#####.#
##.##.##...#
##.....#....#
#..#.....#..####
#.###...###....#
..#..#.....#.....#
.......#.#....##.#
.#..J@.##...##.##.#
......!.......>.....#
##.########......#..#
...........#.
###...........
.........#.#.#
#.#.#...#.....#
#.#.#...#.#.#.# #
..#....)....#


You could see a jelly.

Vanquished Creatures
  A ribbon worm (D:4)
1 creature vanquished.

Notes
Turn   | Place    | Note
-------+----------+-------------------------------------------
     0 | D:5      | zenocrate the Troll Delver began the quest for the Orb.
     0 | D:5      | Reached XP level 1. HP: 22/22 MP: 0/0
    53 | D:4      | Noticed a jelly
    58 | D:4      | Splashed by a jelly's acid

Illustrated notes

Levels and vault maps discovered:
D:4:      layout_basic, serial_glass, glass_columns_b, glass_columns_a,
          glass_columns_a, glass_columns_a, glass_columns_a, glass_columns_a,
          glass_columns_c, glass_columns_b, glass_columns_b, glass_columns_a,
          feat_on_display, feat_on_display, minmay_strange_pillars,
          feat_on_display, columned_hall_lemuel
D:5:      layout_cave_pools, minmay_temple_entry_poolview, uniq_pikel

Action                     || total
---------------------------++-------
  Melee: Unarmed           ||     6
    Use: Potion            ||     1
 Armour: Robe              ||     3
  Dodge: Dodged            ||     3

Table legend: (Time is in decaauts)
 A = Elapsed time spent in this place.
 B = Non-inter-level travel time spent in this place.
 C = Inter-level travel time spent in this place.
 D = Time resting spent in this place.
 E = Time spent auto-exploring this place.
 F = Levels seen in this place.
 G = Mean time per level.
                   A        B        C        D        E       F      G
               +--------+--------+--------+--------+--------+-----+--------+
         Total |     57 |     57 |      0 |      0 |     18 |   2 |   28.5 |
       Dungeon |     57 |     57 |      0 |      0 |     18 |   2 |   28.5 |
               +--------+--------+--------+--------+--------+-----+--------+

Top non-repeatable levels by time:
     D:4: 42 daAuts
     D:5: 15 daAuts
